 Dungeon Crawl Stone Soup version 0.28.0-55-gcd9437bce4 (webtiles) character file.

Game seed: 11056827231877994060

371 Atelerd the Sneak (level 6, -7/37 HPs)
             Began as an Octopode Earth Elementalist on Jan 4, 2023.
             Mangled by a troll (13 damage)
             ... on level 6 of the Dungeon.
             The game lasted 00:06:13 (4671 turns).

Atelerd the Sneak (Octopode Earth Elementalist)     Turns: 4671, Time: 00:06:14

Health: -7/37      AC:  1    Str: 13    XL:     6   Next: 70%
Magic:  2/11       EV: 13    Int: 20    God:
Gold:   184        SH:  0    Dex: 12    Spells: 7/12 levels left

rFire   + . .      SeeInvis .   e - +0 short sword (protect)
rCold   . . .      Faith    .   (no shield)
rNeg    . . .      Spirit   .   (helmet restricted)
rPois   .          Reflect  .   (no amulet)
rElec   .          Harm     .   c - ring of protection from fire
rCorr   .          Rampage  .   f - ring of willpower
Will    +....                   q - +6 ring of strength
Stlth   ++++......              (no ring)
HPRegen 0.12/turn               (no ring)
MPRegen 0.12/turn               (no ring)
                                (no ring)
                                (no ring)

@: no status effects
A: almost no armour, amphibious, 8 rings, camouflage 1, gelatinous body 1,
(nimble swimmer 1), tentacles
a: no special abilities


You were on level 6 of the Dungeon.
You visited 1 branch of the dungeon, and saw 6 of its levels.

You collected 184 gold pieces.

Inventory:

Hand Weapons
 e - a +0 short sword of protection (weapon)
Missiles
 b - 83 stones
Jewellery
 c - a ring of protection from fire (left tentacle)
 f - a ring of willpower (right tentacle)
 q - a +6 ring of strength (on tentacle)
Wands
 k - a wand of digging (7)
Scrolls
 d - a scroll of magic mapping {unknown}
 g - a scroll of immolation
 j - a scroll of vulnerability
 l - a scroll of fog
Potions
 a - 3 potions of curing
 p - a potion of ambrosia {unknown}
 r - a potion of degeneration {unknown}
 s - a potion of brilliance {unknown}


   Skills:
 - Level 0.7 Fighting
 - Level 1.8 Short Blades
 - Level 2.0 Dodging
 - Level 5.0 Stealth
 + Level 3.6 Spellcasting
 * Level 1.5 Transmutations
 + Level 4.9 Earth Magic


You had 7 spell levels left.
You knew the following spells:

 Your Spells              Type           Power      Damage    Failure   Level
a - Sandblast             Erth           46%        2d11      1%          1
p - Petrify               Tmut/Erth      16%        N/A       34%         4

Your spell library contained the following spells:

 Spells                   Type           Power      Damage    Failure   Level
 Passwall                 Tmut/Erth      13%        N/A       5%          2
 Stone Arrow              Conj/Erth      26%        3d8       14%         3


Dungeon Overview and Level Annotations

Branches:
Dungeon (6/15)
 Temple: D:4-7

Altars:
Ashenzari
Ru
Uskayaw
Vehumet
Xom

Shops:
D:2 =


Innate Abilities, Weirdness & Mutations

You cannot wear most types of armour.
You are amphibious.
You can wear up to eight rings at the same time.
Your skin changes colour to match your surroundings (Stealth+).
Your rubbery body absorbs attacks. (AC +1, EV +1)
((You are camouflaged when in or above water. (Stealth+)))
You have tentacles for arms and can constrict up to eight enemies at once.


Message History

Your magical contamination has completely faded away.
Really wriggle into that teleport trap?
You enter a teleport trap!
The teleport trap disappears.
Your surroundings suddenly seem different.
Found a fizzy red potion.
You start resting.
A troll is nearby!
A troll is nearby!
As you read the scroll labelled FIWARE ODOHE, it crumbles to dust.
The creatures around you are filled with an inner flame!
It was a scroll of immolation.
The troll shouts!
As you read the scroll labelled ABROXO KUDILE, it crumbles to dust.
Your body is wracked with pain!
* * * LOW HITPOINT WARNING * * *
The troll convulses!
Flame seeps out of the troll.
It was a scroll of torment.
The troll is engulfed in blazing flames.
Flame seeps out of the troll.
Casting: Sandblast (safe; 1% risk of failure)
Confirm with . or Enter, or press ? or * to list all spells.
Okay, then.
Okay, then.
Okay, then.
Okay, then.
Casting: Sandblast (safe; 1% risk of failure)
Confirm with . or Enter, or press ? or * to list all spells.
You can't see any susceptible monsters within range! (Use Z to cast anyway.)
Casting: Sandblast (safe; 1% risk of failure)
Confirm with . or Enter, or press ? or * to list all spells.
Aiming: Sandblast (safe; 1% risk of failure)
Press: ? - help, Shift-Dir - straight line, f - troll
Aim: a troll (severely wounded, inner flame, 81% to hit)
The blast of sand misses the troll.
As you read the scroll labelled BAOH TIUVUGGY, it crumbles to dust.
It is a scroll of brand weapon.
Your +0 short sword projects an invisible shield of force!
e - a +0 short sword of protection (weapon)
Okay, then.
The troll closely misses you. The troll claws you!
You die...

#........#
#........#
#........#
#........#
#......!.#
#........#
#........#
#......T.#
#.....@..#
##########


You could see a troll (inner flame).

Vanquished Creatures
  A scorpion (D:4)
  A bullfrog zombie (D:6)
  A jelly (D:4)
  A hound (D:6)
  2 centaur skeletons (D:6)
  4 gnolls (D:3)
  4 adders
  A dart slug (D:2)
  5 worms
  3 orcs
  2 ball pythons
  4 endoplasms
  4 giant cockroaches
  11 goblins
  7 hobgoblins
  2 jackals (D:1)
  3 quokkas
  2 bats
  3 frilled lizards
  10 kobolds
  4 rats
75 creatures vanquished.

Vanquished Creatures (others)
  A fungus (D:1)
1 creature vanquished.

Grand Total: 76 creatures vanquished

Notes
Turn   | Place    | Note
-------+----------+-------------------------------------------
     0 | D:1      | Atelerd the Octopode Earth Elementalist began the quest for
                  | the Orb.
     0 | D:1      | Reached XP level 1. HP: 11/11 MP: 3/3
   250 | D:1      | Reached XP level 2. HP: 13/17 MP: 3/5
   472 | D:1      | Found a faded altar of an unknown god.
  1156 | D:1      | Reached skill level 3 in Stealth
  1156 | D:1      | Reached XP level 3. HP: 21/21 MP: 1/6
  1741 | D:2      | Reached XP level 4. HP: 26/27 MP: 3/7
  1778 | D:2      | Found Canoxkor's One-of-a-Kind Rings.
  2185 | D:3      | Found a radiant altar of Vehumet.
  2401 | D:3      | Reached skill level 1 in Short Blades
  2402 | D:3      | Reached skill level 4 in Stealth
  2581 | D:3      | Reached XP level 5. HP: 19/31 MP: 1/9
  3080 | D:3      | Found a faded altar of an unknown god.
  3085 | D:3      | Found a shimmering altar of Xom.
  3498 | D:4      | Reached XP level 6. HP: 37/37 MP: 7/10
  3607 | D:4      | Found a broken altar of Ashenzari.
  3607 | D:4      | Found a sacrificial altar of Ru.
  4197 | D:5      | Entered Level 5 of the Dungeon
  4225 | D:5      | Found a hide-covered altar of Uskayaw.
  4234 | D:6      | Noticed a troll
  4234 | D:6      | Noticed a two-headed ogre
  4531 | D:6      | Learned a level 4 spell: Petrify
  4643 | D:6      | Reached skill level 5 in Stealth
  4671 | D:6      | Mangled by a troll

Illustrated notes

Levels and vault maps discovered:
D:1:      minmay_arrival_four_houses, layout_basic, serial_forest,
          infiniplex_forest_straight_1, infiniplex_forest_lined_1,
          infiniplex_forest_straight_2, infiniplex_forest_corner_1,
          infiniplex_forest_clump_large, infiniplex_forest_end_3,
          infiniplex_forest_clump_cross, infiniplex_forest_zigzag_1,
          shapermc_ecumenical_altar_acropolis
D:2:      layout_basic, nicolae_shop_unique_rings
D:3:      layout_loops_ring, fiery_altar_vehumet,
          nicolae_overflow_ecumenical_swirl, solitary_fountain,
          nicolae_wormholes
D:4:      layout_gridville, mainiacjoe_overflow_divided_tiny, fountainhead,
          minmay_quadrilaterals
D:5:      layout_loops_ring, eat_drink_and_be_merry_uskayaw,
          ebering_dispersal_statue_hall
D:6:      layout_basic, minmay_temple_entry_nine_rooms, serial_shops, shop,
          nicolae_lava_and_water, minmay_manual_moon

Skill      XL: |  1  2  3  4  5  6 |
---------------+-------------------+-----
Stealth        | 3 4 5 |  5.0
Earth Magic    | 4 |  4.9
Short Blades   | 1 |  1.8
Spellcasting   | 3 |  3.6
Fighting       | |  0.7
Dodging        | |  2.0
Transmutations | |  1.5

Action                   |  1- 3 |  4- 6 || total
-------------------------+-------+-------++-------
Melee: Unarmed           |     4 |       ||     4
       Constrict         |    11 |     6 ||    17
       Tentacles         |     5 |     8 ||    13
       Short sword       |    41 |    22 ||    63
       Punch             |     2 |     1 ||     3
 Cast: Sandblast         |    24 |    63 ||    87
       Petrify           |       |     1 ||     1
  Use: Scroll            |       |    10 ||    10
       Potion            |       |     1 ||     1
 Stab: Sleeping          |     5 |     4 ||     9
Armor: Skin              |     4 |     3 ||     7
Dodge: Dodged            |    34 |    34 ||    68
